 Dungeon Crawl Stone Soup version 0.28-a0-1374-ga75cb3825e (webtiles) character file.

Game seed: 11609540120094125598

23 vivovinco the Conjurer (level 2, -1/13 HPs)
             Began as a Vine Stalker Conjurer on Jan 1, 2022.
             Slain by Natasha (7 damage)
             ... on level 2 of the Dungeon.
             The game lasted 00:03:48 (1810 turns).

vivovinco the Conjurer (Vine Stalker Conjurer)      Turns: 1810, Time: 00:03:50

Health: -1/13      AC:  2    Str:  9    XL:     2   Next: 95%
Magic:  0/6        EV: 12    Int: 18    God:
Gold:   89         SH:  0    Dex: 12    Spells: 4/5 levels left

rFire   . . .      SeeInvis .   b - +0 dagger
rCold   . . .      Faith    .   (no shield)
rNeg    . . .      Spirit   +   a - +0 robe
rPois   .          Reflect  .   (no helmet)
rElec   .          Harm     .   (no cloak)
rCorr   .          Rampage  .   (no gloves)
Will    .....                   (no boots)
Stlth   ++........              (no amulet)
HPRegen 0.04/turn               (no ring)
MPRegen 0.10/turn               (no ring)

@: no status effects
A: fangs 2, magic shield, antimagic bite, no potion heal 2
a: no special abilities


You were on level 2 of the Dungeon.
You visited 1 branch of the dungeon, and saw 3 of its levels.

You collected 89 gold pieces.

Inventory:

Hand Weapons
 b - a +0 dagger (weapon)
Missiles
 d - 5 poisoned darts
Armour
 a - a +0 robe (worn)
Scrolls
 c - a scroll of identify
Potions
 e - a potion of brilliance {unknown}
 f - a potion of haste


   Skills:
 + Level 0.3 Short Blades
 + Level 1.6 Dodging
 + Level 2.5 Stealth
 + Level 2.4 Spellcasting
 + Level 4.5 Conjurations


You had 4 spell levels left.
You knew the following spells:

 Your Spells              Type           Power      Damage    Failure   Level
a - Magic Dart            Conj           72%        1d6       2%          1

Your spell library contained the following spells:

 Spells                   Type           Power      Damage    Failure   Level
 Searing Ray              Conj           36%        2d5       4%          2
 Dazzling Flash           Conj/Hex       20%        N/A       21%         3
 Fulminant Prism          Conj/Hex       5%         3d7       56%         4
 Iskenderun's Mystic Bla  Conj/Tloc      10%        2d4       56%         4


Dungeon Overview and Level Annotations

Branches:
Dungeon (3/15)

Altars:

Annotations:
D:2 Natasha


Innate Abilities, Weirdness & Mutations

You have extremely sharp teeth.
When hurt, damage is shared between your health and your magic reserves.
Your bite disrupts and absorbs the magic of your enemies.
Potions cannot restore your health.


Message History

e - a viscous inky potion
Found a stone staircase leading down.
There is a stone staircase leading down here.
You climb downwards.
Found a stone staircase leading up.
There is a stone staircase leading up here.
You climb upwards.
There is a stone staircase leading down here.
Natasha, Servant of Life and Death comes into view. 2 gnolls come into view.
A gnoll is wielding a +2 whip of venom.
The helpless Natasha fails to defend herself.
You hit Natasha.
Natasha is moderately wounded.
The gnoll shouts!
Natasha closely misses you.
A gnoll comes into view. It is wielding a +0 spear.
You closely miss Natasha.
The gnoll shouts!
You bite Natasha.
Natasha's magic leaks into the air.
You drain her magic.
Natasha is heavily wounded.
Natasha claws you.
Casting: Magic Dart (safe; 2% risk of failure)
Confirm with . or Enter, or press ? or * to list all spells.
Aiming: Magic Dart (safe; 2% risk of failure)
Press: ? - help, Shift-Dir - straight line, f - Natasha
Aim: Natasha (heavily wounded, magic disrupted, 100% to hit)
The magic dart hits Natasha but does no damage.
Natasha is heavily wounded.
Natasha growls.
Natasha claws you.
Casting: Magic Dart (safe; 2% risk of failure)
Confirm with . or Enter, or press ? or * to list all spells.
Aiming: Magic Dart (safe; 2% risk of failure)
Press: ? - help, Shift-Dir - straight line, f/p - Natasha
Aim: Natasha (heavily wounded, magic disrupted, 100% to hit)
The magic dart hits Natasha.
Natasha is almost dead.
Natasha claws you!
Ouch! That really hurt!
You die...

#≈. #. #..
##### ##
##.###..
#.# #
##...#.#
#.##
#.....#
#.#.####
.#####....#
#......
..........#
#.##.##
####....##
##.#.##
#@###.##
##.#.## #h#
##.###.#.##
...
##...#.##
.#.##
#######
#.#.# # #.#
#g#


.gg You could see Natasha (magic disrupted) and 3 gnolls.

Vanquished Creatures
  3 endoplasms (D:1)
  2 goblins (D:1)
  A hobgoblin (D:1)
  4 kobolds (D:1)
  2 quokkas
  A ball python (D:2)
  5 bats (D:1)
  2 frilled lizards (D:1)
  3 rats (D:1)
23 creatures vanquished.

Notes
Turn   | Place    | Note
-------+----------+-------------------------------------------
     0 | D:1      | vivovinco the Vine Stalker Conjurer began the quest for the
                  | Orb.
     0 | D:1      | Reached XP level 1. HP: 9/9 MP: 4/4
   320 | D:1      | Found a faded altar of an unknown god.
   324 | D:1      | Reached XP level 2. HP: 6/13 MP: 0/6
  1801 | D:2      | Noticed Natasha
  1810 | D:2      | Slain by Natasha

Illustrated notes

Levels and vault maps discovered:
D:1:      heliophobic_arrival_battle_scene, layout_loops_ring,
          ebering_ecumenical_altar_webs
D:2:      layout_loops_cross, serial_shops, nicolae_shop_waterfront,
          uniq_natasha
D:3:      layout_loops_cross, serial_shops, shop, kennysheep_boxes, uniq_jessica

Action                   || total
-------------------------++-------
Melee: Dagger            ||    34
       Bite              ||     5
 Cast: Magic Dart        ||    32
  Use: Scroll            ||     3
 Stab: Sleeping          ||     5
Armor: Robe              ||     4
Dodge: Dodged            ||    19

Table legend: (Time is in decaauts)
 A = Elapsed time spent in this place.
 B = Non-inter-level travel time spent in this place.
 C = Inter-level travel time spent in this place.
 D = Time resting spent in this place.
 E = Time spent auto-exploring this place.
 F = Levels seen in this place.
 G = Mean time per level.
                   A        B        C        D        E       F      G
               +--------+--------+--------+--------+--------+-----+--------+
         Total |   1813 |   1760 |     53 |    183 |   1373 |   3 |  604.3 |
       Dungeon |   1813 |   1760 |     53 |    183 |   1373 |   3 |  604.3 |
               +--------+--------+--------+--------+--------+-----+--------+

Top non-repeatable levels by time:
     D:1: 1449 daAuts
     D:2: 362 daAuts
     D:3: 1 daAuts
